 Dungeon Crawl Stone Soup version 0.25.1-2-g60ff931df9 (webtiles) character file.

Game seed: 16153896814977903913

2135 lepoulpe303 the Agent of Entropy (level 9, 0/68 HPs)
             Began as a Demonspawn Abyssal Knight on Sept 2, 2020.
             Was a Priest of Lugonu.
             Slain by a troll (8 damage)
             ... on level 7 of the Dungeon.
             The game lasted 00:21:08 (6543 turns).

lepoulpe303 the Agent of Entropy (DsAK)             Turns: 6543, Time: 00:21:08

Health: 0/68       AC: 16    Str: 21    XL:     9   Next: 9%
Magic:  15/15      EV: 10    Int: 13    God:    Lugonu [***...]
Gold:   376        SH:  0    Dex: 18    Spells: 8/8 levels left

rFire    . . .     SeeInvis .   a - +1 falchion
rCold    . . .     Gourm    .   (no shield)
rNeg     . . .     Faith    .   u - +1 chain mail {rPois} {rPois}
rPois    +         Spirit   .   (no helmet)
rElec    .         Reflect  .   (no cloak)
rCorr    .         Harm     .   n - +0 pair of gloves
MR       .....                  (no boots)
Stlth    ..........             (no amulet)
HPRegen  0.21/turn              t - +6 ring of strength
MPRegen  0.14/turn              l - +4 ring of protection

@: no status effects
A: talons 2, thin skeletal structure 2, powered by death 1
a: Depart the Abyss, Bend Space, Banish, Renounce Religion


You were on level 7 of the Dungeon.
You worshipped Lugonu.
Lugonu was most pleased with you.
You were not hungry.

You visited 1 branch of the dungeon, and saw 7 of its levels.
You visited the Abyss 1 time.

You collected 376 gold pieces.

Inventory:

Hand Weapons
 a - a +1 falchion (weapon)
Missiles
 p - 5 poisoned darts
 r - 3 boomerangs (quivered)
 x - a throwing net {=f}
Armour
 b - a +0 leather armour
 c - a +0 plate armour
 n - a +0 pair of gloves (worn)
 u - a +1 chain mail of poison resistance (worn) {rPois}
Jewellery
 l - a +4 ring of protection (right hand)
 t - a +6 ring of strength (left hand)
 S - an uncursed ring of see invisible
 W - an uncursed ring of wizardry {Wiz+}
Scrolls
 d - a scroll of immolation {unknown}
 i - a scroll of identify
 j - a scroll of amnesia
 k - a scroll of random uselessness {unknown}
 o - 2 scrolls of magic mapping {!r}
 v - a scroll of enchant weapon {unknown}
 w - 3 scrolls of remove curse
 y - a scroll of enchant armour {unknown}
 A - a scroll of noise {unknown}
Potions
 f - a potion of degeneration {unknown}
 h - a potion of resistance {unknown}
 m - 3 potions of stabbing
 q - 3 potions of curing
 s - a potion of ambrosia {unknown}
 z - a potion of heal wounds {unknown}
Comestibles
 e - 8 rations


   Skills:
 + Level 5.1 Fighting
 * Level 5.7 Long Blades
 * Level 5.7 Armour
 + Level 3.8 Dodging
 * Level 8.2 Invocations


You had 8 spell levels left.
You didn't know any spells.
Your spell library was empty.

Dungeon Overview and Level Annotations

Branches:
Dungeon (7/15)             Temple (0/1) D:4

Altars:
Fedhas
Gozag
Hepliaklqana
Ru
Wu Jian
Yredelemnul


Innate Abilities, Weirdness & Mutations

You have razor-sharp toenails.
You have a moderately thin skeletal structure. (Dex +4, Stealth+)
You regenerate a little health from kills.


Message History

* * * LOW HITPOINT WARNING * * *
The troll claws you but does no damage.
You take 6 damage, and have 27/68 hp.
You hit the troll but do no damage. The troll bites you but does no damage.
The troll claws you but does no damage. x2; The troll bites you!
* * * LOW HITPOINT WARNING * * *
The troll claws you but does no damage. x2
You take 10 damage, and have 17/68 hp.
You hit the troll but do no damage. The troll bites you.
* * * LOW HITPOINT WARNING * * *
The troll claws you but does no damage. The troll completely misses you.
You take 3 damage, and have 14/68 hp.
Your chain mail prevents you from hitting the troll.
The troll bites you.
* * * LOW HITPOINT WARNING * * *
The troll claws you but does no damage. The troll completely misses you.
You take 6 damage, and have 8/68 hp.
You slash the troll! You claw the troll, but do no damage.
The troll bites you but does no damage. The troll claws you!
You die...

##### ##...#
....# ... #.#
#.#
########@####.##
........T.$.....
######(.##.....
#(## ...# #(#
.## #.# # #(#
#<# #.#


You could see a troll.

Levels and vault maps discovered:
D:1:      minmay_arrival_diagonal_passages, layout_basic,
          grunt_decor_mini_mirrors
D:2:      layout_loops_ring, uniq_sigmund
D:3:      layout_loops_corners, yredelemnul_forgotten_temple_becter,
          minmay_circle_x
D:4:      layout_loops_cross, gammafunk_temple_overflow_forgotten,
          minmay_temple_entry_from_below_a, first_ration,
          hangedman_abyss_or_decor_stabs, fedhas_altar_1, uniq_edmund,
          uniq_pikel
D:5:      layout_basic, chequers_serial_rivers_small_a
D:6:      layout_basic, okawaru_gym_becter, grunt_temple_overflow_open,
          enter_ossuary_4, serial_rivers, chequers_serial_rivers_micro_c,
          chequers_serial_rivers_small_b, chequers_serial_rivers_room_b,
          chequers_serial_rivers_large_b, chequers_serial_rivers_micro_e,
          chequers_serial_rivers_room_b, centaur_isle
D:7:      layout_loops_ring

Notes
Turn   | Place    | Note
-------+----------+-------------------------------------------
     0 | Abyss:1  | lepoulpe303 the Demonspawn Abyssal Knight began the quest
                  | for the Orb.
     0 | Abyss:1  | Reached XP level 1. HP: 18/18 MP: 2/2
    17 | Abyss:2  | Noticed a lich
    36 | Abyss:2  | Noticed a ynoxinul
    36 | D:1      | Escaped the Abyss
    59 | D:1      | Identified a +0 plate armour (You found it on level 2 of
                  | the Abyss)
   110 | D:1      | Reached skill level 1 in Dodging
   114 | D:1      | Identified a +0 club
   114 | D:1      | Identified a +0 spear
   164 | D:1      | Reached skill level 2 in Long Blades
   164 | D:1      | Reached skill level 2 in Armour
   169 | D:1      | Identified a +0 dagger
   186 | D:1      | Identified a +0 short sword
   190 | D:1      | Gained mutation: You have sharp toenails. [demonic
                  | ancestry]
   190 | D:1      | Reached XP level 2. HP: 23/24 MP: 4/4
   766 | D:1      | Identified a cursed +0 pair of gloves (You found it on
                  | level 1 of the Dungeon)
   771 | D:1      | HP: 6/24 [gnoll/+0 spear (5)]
   772 | D:1      | Reached skill level 3 in Invocations
  1231 | D:2      | Identified a +2 vampiric scythe
  1231 | D:2      | Identified a +1 robe of the Archmagi
  1231 | D:2      | Noticed Sigmund
  1283 | D:2      | Reached * piety under Lugonu
  1333 | D:2      | Identified a +0 club
  1343 | D:2      | Gained mutation: You have a somewhat thin skeletal
                  | structure. (Dex +2, Stealth) [demonic ancestry]
  1343 | D:2      | Reached XP level 3. HP: 29/29 MP: 5/5
  1507 | D:2      | Identified a +0 dagger
  1678 | D:2      | Identified a +0 dagger
  1708 | D:2      | Identified a +0 whip
  1733 | D:2      | Identified a +0 club
  1748 | D:2      | Identified a +0 chain mail
  1808 | D:2      | Identified 2 scrolls of remove curse
  1809 | D:2      | Identified a ring of see invisible (You found it on level 2
                  | of the Dungeon)
  1810 | D:2      | Identified a ring of protection (You found it on level 2 of
                  | the Dungeon)
  1824 | D:2      | Identified a cursed -3 club
  1955 | D:2      | Identified a +0 club
  2080 | D:2      | Killed Sigmund
  2080 | D:2      | Reached skill level 3 in Long Blades
  2080 | D:2      | Reached skill level 3 in Armour
  2080 | D:2      | Reached skill level 4 in Invocations
  2080 | D:2      | Gained mutation: You regenerate a little health from kills.
                  | [demonic ancestry]
  2080 | D:2      | Reached XP level 4. HP: 16/36 MP: 5/7
  2080 | D:2      | Reached XP level 5. HP: 19/41 MP: 5/8
  2369 | D:3      | Identified a +0 dagger
  2385 | D:3      | Identified a +0 whip
  2431 | D:3      | Identified a +0 spear
  2431 | D:3      | Identified a cursed -1 halberd
  2431 | D:3      | Identified a +0 flail
  2459 | D:3      | Gained mutation: You have razor-sharp toenails. [demonic
                  | ancestry]
  2459 | D:3      | Reached XP level 6. HP: 43/48 MP: 9/9
  2629 | D:3      | Identified a +0 flail
  2644 | D:3      | Reached skill level 2 in Dodging
  2858 | D:3      | Identified a +1 dagger of electrocution
  2899 | D:3      | Identified a +0 dagger
  2899 | D:3      | Identified a cursed +0 robe
  3119 | D:3      | Identified a cursed +0 flail
  3119 | D:3      | Identified a +0 ring mail
  3140 | D:3      | Identified a +0 flail
  3164 | D:3      | Identified a +0 dagger
  3165 | D:3      | Identified a +0 falchion
  3171 | D:3      | Reached ** piety under Lugonu
  3179 | D:3      | Identified a +0 dagger
  3179 | D:3      | Identified a cursed +0 ring mail
  3255 | D:3      | Identified a +0 leather armour
  3256 | D:3      | Identified a +0 leather armour
  3256 | D:3      | Identified a +0 hand axe
  3256 | D:3      | Identified a cursed +0 ring mail
  3356 | D:3      | Identified a +0 club
  3426 | D:3      | Identified a +0 hand axe
  3445 | D:3      | Reached skill level 5 in Invocations
  3497 | D:3      | Found a basalt altar of Yredelemnul.
  3669 | D:4      | Identified a +0 club
  3690 | D:4      | Identified a +2 hand axe of electrocution
  3693 | D:4      | Identified a +0 dagger
  3693 | D:4      | Identified a +0 ring mail
  3710 | D:4      | Found a blossoming altar of Fedhas.
  3803 | D:4      | Identified 3 potions of stabbing
  3804 | D:4      | Identified a potion of curing
  4030 | D:4      | Identified 2 scrolls of magic mapping
  4032 | D:4      | Identified a +0 short sword
  4032 | D:4      | Identified a +0 dagger
  4032 | D:4      | Identified a +0 dagger
  4032 | D:4      | Identified a +0 scale mail
  4032 | D:4      | Noticed a slave
  4049 | D:4      | Reached skill level 4 in Fighting
  4049 | D:4      | Reached XP level 7. HP: 44/54 MP: 9/11
  4074 | D:4      | Identified a +0 whip of freezing
  4074 | D:4      | Identified a +1 robe of magic resistance
  4074 | D:4      | Noticed Pikel
  4078 | D:4      | Paralysed by Pikel for 6 turns
  4095 | D:4      | Paralysed by Pikel for 2 turns
  4108 | D:4      | Paralysed by Pikel for 5 turns
  4128 | D:4      | Killed Pikel
  4128 | D:4      | Reached skill level 4 in Long Blades
  4128 | D:4      | Reached skill level 4 in Armour
  4128 | D:4      | Reached skill level 6 in Invocations
  4425 | D:4      | Identified a +0 hand axe
  4426 | D:4      | Identified a +0 ring mail
  4428 | D:4      | Identified a cursed -2 mace
  4443 | D:4      | Identified a +0 whip
  4447 | D:4      | Identified a +0 whip
  4500 | D:4      | Found a staircase to the Ecumenical Temple.
  4512 | D:4      | Found a blossoming altar of Fedhas.
  4513 | D:4      | Found an opulent altar of Gozag.
  4514 | D:4      | Found a sacrificial altar of Ru.
  4525 | D:4      | Identified a ring of strength (You found it on level 4 of
                  | the Dungeon)
  4538 | D:4      | Identified a +0 flail of protection
  4538 | D:4      | Identified a +1 chain mail of poison resistance
  4538 | D:4      | Noticed Edmund
  4571 | D:4      | Killed Edmund
  4571 | D:4      | Gained mutation: You have a moderately thin skeletal
                  | structure. (Dex +4, Stealth+) [demonic ancestry]
  4571 | D:4      | Reached XP level 8. HP: 55/61 MP: 11/13
  4718 | D:4      | Reached skill level 3 in Dodging
  4908 | D:4      | Identified a ring of wizardry (You found it on level 4 of
                  | the Dungeon)
  5002 | D:5      | Entered Level 5 of the Dungeon
  5019 | D:5      | Identified a +0 morningstar
  5296 | D:5      | Identified a +0 shortbow
  5305 | D:5      | Reached skill level 7 in Invocations
  5316 | D:5      | Identified a +0 hand axe
  5322 | D:5      | Identified a +0 whip
  5498 | D:5      | Reached *** piety under Lugonu
  5523 | D:5      | Reached skill level 5 in Long Blades
  5523 | D:5      | Reached skill level 5 in Armour
  6021 | D:6      | Reached skill level 5 in Fighting
  6033 | D:6      | Identified a +0 dagger
  6037 | D:6      | Identified a +0 club
  6042 | D:6      | Identified a +0 short sword
  6043 | D:6      | Identified a +0 battleaxe
  6043 | D:6      | Identified a +0 chain mail
  6080 | D:6      | Reached skill level 8 in Invocations
  6193 | D:6      | Identified a +0 shortbow
  6193 | D:6      | Identified a +0 shortbow
  6195 | D:6      | Identified a +0 shortbow
  6212 | D:6      | Identified a +0 shortbow
  6214 | D:6      | Identified a +0 club
  6215 | D:6      | Found a hazy altar of Hepliaklqana.
  6215 | D:6      | Identified a +0 shortbow
  6220 | D:6      | Reached XP level 9. HP: 42/68 MP: 15/15
  6221 | D:6      | Found an ornate altar of the Wu Jian Council.
  6271 | D:6      | Identified 2 scrolls of amnesia
  6272 | D:6      | Identified 2 scrolls of identify
  6272 | D:6      | Identified a scroll of fear
  6288 | D:7      | Identified a +0 vorpal shortbow
  6293 | D:7      | HP: 16/68 [centaur (6)]
  6297 | D:7      | HP: 7/68 [centaur (3)]
  6524 | D:7      | Noticed a troll
  6540 | D:7      | HP: 17/68 [troll (10)]
  6542 | D:7      | HP: 8/68 [troll (6)]
  6543 | D:7      | Slain by a troll

Table legend:
 A = Turns spent in this place as a percentage of turns spent in the entire game.
 B = Non-inter-level travel turns spent in this place as a percentage of non-inter-level travel turns spent in the entire game.
 C = Inter-level travel turns spent in this place as a percentage of turns spent in this place.
 D = Turns resting spent in this place as a percentage of non-inter-level travel turns spent in this place.
 E = Turns spent auto-exploring this place as a percentage of non-inter-level travel turns spent in this place.
 F = Non-inter-level travel turns spent in this place divided by the number of levels of this place that you've seen.
                   A       B       C       D       E      F
               +-------+-------+-------+-------+-------+----------------------
         Total | 100.0 | 100.0 |   5.8 |  25.7 |  50.5 | 684.6
       Dungeon |  99.4 |  99.4 |   5.9 |  25.9 |  50.8 | 875.0
         Abyss |   0.6 |   0.6 |   0.0 |   0.0 |   0.0 |  18.0
               +-------+-------+-------+-------+-------+----------------------

Table legend:
 A = Kills in this place as a percentage of kills in entire the game.
 B = Kills by you in this place as a percentage of kills by you in the entire game.
 C = Kills by friends in this place as a percentage of kills by friends in the entire game.
 D = Other kills in this place as a percentage of other kills in the entire game.
 E = Experience gained in this place as a percentage of experience gained in the entire game.
 F = Experience gained in this place divided by the number of levels of this place that you have seen.
                   A       B       C       D       E      F
               +-------+-------+-------+-------+-------+----------------------
         Total | 100.0 | 100.0 |   N/A |   N/A | 100.0 | 338.9
       Dungeon | 100.0 | 100.0 |   N/A |   N/A | 100.0 | 435.7
               +-------+-------+-------+-------+-------+----------------------

Skill      XL: |  1  2  3  4  5  6  7  8 |
---------------+-------------------------+-----
Dodging        | 1 2 3 |  3.8
Long Blades    | 2 3 4 5 |  5.7
Armour         | 2 3 4 5 |  5.7
Invocations    | 3 4 5 6 8 |  8.2
Fighting       | 4 5 |  5.1

Action                   |  1- 3 |  4- 6 |  7- 9 || total
-------------------------+-------+-------+-------++-------
Melee: Falchion          |   114 |   183 |   203 ||   500
       Kick              |    27 |    58 |    85 ||   170
Throw: Throwing net      |     1 |     1 |       ||     2
       Boomerang         |       |    22 |    56 ||    78
       Dart              |       |       |     8 ||     8
Invok: Depart the Abyss  |     1 |       |       ||     1
       Bend Space        |       |       |     1 ||     1
  Use: Scroll            |     1 |     1 |     3 ||     5
       Potion            |       |     2 |       ||     2
  Eat: Chunk             |     4 |     6 |     2 ||    12
       Ration            |       |       |     2 ||     2
Armor: Plate armour      |   112 |   159 |    62 ||   333
       Chain mail        |       |       |    91 ||    91
Dodge: Dodged            |    18 |    47 |    86 ||   151
       Rpst.: Falchion   |     8 |    14 |    27 ||    49

Vanquished Creatures
  Pikel (D:4)
  Sigmund (D:2)
  A wyvern (D:6)
  Edmund (D:4)
  A sky beast (D:6)
  A slave (D:4)
  2 ice beasts (D:5)
  2 centaurs
  3 scorpions
  A hound (D:4)
  3 jellies (D:5)
  An orc wizard (D:3)
  5 orc priests
  An iguana (D:5)
  4 worker ants
  A killer bee zombie (D:6)
  A hound skeleton (D:5)
  4 gnolls
  7 adders
  A shadow imp (D:6)
  2 oozes
  An adder zombie (D:5)
  4 worms
  2 dart slugs
  3 leopard geckos
  23 orcs
  5 bats
  3 giant cockroaches
  11 goblins
  4 hobgoblins
  4 jackals (D:3)
  2 quokkas
  3 frilled lizards
  8 kobolds
  5 rats
  A spectral orc (D:3)
123 creatures vanquished.

Vanquished Creatures (others)
  An adder skeleton (D:4)
  An orc (D:4)
  A giant cockroach (D:4)
3 creatures vanquished.

Grand Total: 126 creatures vanquished
